AoeStats
← DGGMaster

MegaRandom

509189430Analyzed
4v4 RM · 6d ago on Sep 25, 2026· 81m 35s· 8 players
Game mode
Random Map
Map size
Large (8 player)
Population
200
Speed
Normal
Resources
Standard
Victory
Conquest
Starting age
Dark Age
Ending age
Imperial Age
RankedLock teamsTeams togetherTeam positionsShared explorationLock speedFull tech treeHidden civsTurbo modeCheats
Victory
Defeat
🇩🇪 Varangians · Germany
1057
+16
🇧🇷 Britons · Brazil
976
+19
🇺🇸 Shu · United States
956
+20
932
+22
🇳🇱 Teutons · Netherlands
1074
-20
🇳🇱 Persians · Netherlands
1045
-19
🇳🇱 Byzantines · Netherlands
1044
-19
🇳🇱 Spanish · Netherlands
1042
-19
...
2:17 Loom
14:34 Feudal Age
15:34 Gold Mining
15:31 Double-Bit Axe
15:31 Fishing Lines
19:57 Fletching
20:07 Padded Archer Armor
24:43 Castle Age
22:37 Horse Collar
24:05 Stone Mining
24:51 Crossbowman
25:38 Thumb Ring
26:37 Wheelbarrow
26:29 Heavy Plow
26:43 Bow Saw
26:12 Pikeman
26:38 Gambesons
26:53 Squires
28:41 Hand Cart
31:00 Gold Shaft Mining
31:29 Gillnets
37:09 Imperial Age
34:51 Bodkin Arrow
35:12 Leather Archer Armor
36:09 Scale Mail Armor
36:20 Forging
37:29 Arbalester
38:32 Conscription
41:50 Chemistry
44:53 Bolt Magazine
48:12 Ballistics
47:34 Treadmill Crane
48:49 Bracer
49:19 Ring Archer Armor
49:31 Guilds
49:26 Caravan
52:01 Elite Skirmisher
53:15 Chain Mail Armor
53:54 Shipwright
60:18 Plate Mail Armor
61:02 Careening
61:04 Clinker Construction
63:38 Squires
62:59 Halberdier
65:49 Elite White Feather Guard
70:26 Two-Man Saw
NeverArabia
11:21 Feudal Age
9:39 Loom
12:40 Double-Bit Axe
17:56 Castle Age
15:45 Fishing Lines
16:52 Stone Mining
20:09 Fletching
20:19 Padded Archer Armor
31:11 Bodkin Arrow
32:54 Horse Collar
33:29 Bow Saw
33:37 Leather Archer Armor
34:36 Wheelbarrow
38:34 Imperial Age
36:27 Hand Cart
36:42 Treadmill Crane
37:23 Ballistics
37:54 Heavy Plow
37:49 Gillnets
38:30 Masonry
40:28 Conscription
42:10 Chemistry
42:38 Hoardings
41:56 Elite Longbowman
43:25 Siege Engineers
44:10 Bracer
47:37 Ring Archer Armor
58:00 Warwolf
69:38 Yeomen
70:12 Spies/Treason
77:45 Gold Mining
80:26 Demolition Ship
80:46 Heavy Demolition Ship
Lux
8:41 Loom
11:28 Feudal Age
12:07 Man-at-Arms
13:14 Scale Mail Armor
13:07 Double-Bit Axe
18:33 Fletching
18:49 Horse Collar
23:15 Castle Age
21:54 Fishing Lines
28:43 Wheelbarrow
27:53 Town Watch
28:04 Gold Mining
29:20 Scale Barding Armor
29:53 Forging
31:43 Iron Casting
32:02 Hand Cart
32:07 Squires
33:14 Chain Mail Armor
37:09 Gillnets
37:52 Bow Saw
37:46 Heavy Plow
38:19 Chain Barding Armor
42:23 Imperial Age
42:22 Bloodlines
42:12 Husbandry
43:57 Bodkin Arrow
44:37 Heated Shot
44:51 Bracer
44:52 Padded Archer Armor
44:33 Elite Jarl
46:18 Blast Furnace
45:54 Murder Holes
48:36 Plate Barding Armor
49:07 Ballistics
49:45 Clinker Construction
49:45 Careening
50:30 Padded Archer Armor
50:54 Carvel Hull
50:12 Elite Longship
55:40 Plate Mail Armor
54:36 Elite Varangian Guard
55:04 Arson
58:50 Gambesons
61:44 Leather Archer Armor
61:23 Stone Mining
62:02 Gothikon
62:47 Capped Ram
71:41 Conscription
Juan Carlos Bodoque
0:32 Loom
13:53 Feudal Age
14:24 Town Watch
14:25 Fishing Lines
15:29 Wheelbarrow
14:55 Double-Bit Axe
18:53 Gold Mining
18:54 Stone Mining
22:27 Fletching
24:41 Castle Age
25:20 Bodkin Arrow
26:11 Stone Shaft Mining
25:53 Bow Saw
25:48 Gillnets
26:37 Medium Warships
27:37 Ballistics
33:34 Imperial Age
31:55 Town Patrol
31:40 Treadmill Crane
33:12 Careening
33:12 Clinker Construction
33:08 Siphons
35:06 Heavy Warships
34:02 Elite Caravel
35:48 Dry Dock
36:15 Bracer
36:56 Circumnavigation
37:27 Conscription
39:09 Hand Cart
40:16 Chemistry
39:14 Murder Holes
40:27 Masonry
40:49 Carvel Hull
43:07 Architecture
45:00 Elite Cannon Galleon
51:00 Siege Engineers
51:14 Fortified Wall
51:28 Bombard Tower
50:59 Heated Shot
52:31 Two-Man Saw
55:54 Thumb Ring
55:53 Husbandry
56:03 Bloodlines
56:25 Elite Organ Gun
57:07 Arquebus
57:04 Guard Tower
57:25 Fortified Wall
65:31 Forging
71:14 Iron Casting
70:40 Scale Mail Armor
70:41 Padded Archer Armor
70:47 Scale Barding Armor
74:17 Spies/Treason
76:12 Caravan
76:42 Coinage
76:23 Guilds
76:52 Keep
75:51 Sappers
75:45 Onager
75:46 Capped Ram
75:49 Elite Skirmisher
75:50 Crossbowman
75:54 Light Cavalry
75:55 Cavalier
76:47 Gambesons
76:48 Arson
76:23 Pikeman
76:24 Man-at-Arms
77:11 Atonement
77:22 Fervor
77:28 Block Printing
77:34 Sanctity
77:14 Devotion
77:51 Theocracy
77:11 Herbal Medicine
79:02 Heresy
79:48 Blast Furnace
79:03 Chain Mail Armor
79:08 Chain Barding Armor
79:04 Leather Archer Armor
78:13 Long Swordsman
78:32 Halberdier
79:49 Banking
82:34 Plate Mail Armor
82:39 Plate Barding Armor
81:28 Two-Handed Swordsman
82:32 Faith
TomatoMaster
2:03 Loom
11:31 Feudal Age
12:20 Double-Bit Axe
14:22 Fishing Lines
15:24 Wheelbarrow
17:34 Horse Collar
18:44 Gold Mining
24:22 Castle Age
22:45 Bloodlines
25:34 Husbandry
29:13 Gillnets
30:25 Gold Shaft Mining
29:19 Elite Skirmisher
36:49 Devotion
40:07 Imperial Age
40:54 Conscription
40:42 Heavy Camel Rider
42:14 Thumb Ring
44:17 Hand Cart
44:06 Heavy Plow
46:59 Ballistics
47:39 Chemistry
47:03 Medium Warships
58:24 Town Watch
62:01 Light Cavalry
67:19 Citadels
DGGMaster
5:15 Loom
11:55 Feudal Age
17:37 Castle Age
15:34 Man-at-Arms
17:42 Forging
19:05 Long Swordsman
20:08 Horse Collar
31:27 Imperial Age
29:43 Heavy Plow
29:30 Double-Bit Axe
30:39 Bloodlines
31:15 Iron Casting
38:31 Siege Engineers
39:27 Elite Skirmisher
40:32 Fletching
41:51 Chemistry
44:04 Cavalier
46:11 Crop Rotation
45:52 Bow Saw
48:06 Scale Barding Armor
49:02 Blast Furnace
50:34 Town Watch
57:56 Two-Man Saw
57:33 Bodkin Arrow
57:59 Chain Barding Armor
DS
7:33 Loom
12:02 Feudal Age
12:33 Double-Bit Axe
13:34 Horse Collar
15:31 Fishing Lines
16:44 Wheelbarrow
20:45 Castle Age
18:41 Gold Mining
18:43 Stone Mining
18:51 Stone Mining
20:43 Bloodlines
21:54 Husbandry
22:33 Scale Barding Armor
24:07 Heavy Plow
24:40 Town Watch
26:08 Gillnets
26:29 Medium Warships
31:34 Ballistics
35:35 Imperial Age
34:17 Bow Saw
36:11 Clinker Construction
36:11 Careening
36:09 Siphons
37:08 Heavy Warships
38:01 Chemistry
40:41 Two-Man Saw
39:44 Elite Cannon Galleon
41:52 Dry Dock
41:54 Carvel Hull
43:02 Redemption
43:38 Shipwright
45:21 Murder Holes
45:39 Masonry
48:19 Hand Cart
48:05 Town Patrol
52:40 Architecture
54:30 Elite Skirmisher
55:16 Thumb Ring
56:17 Fletching
62:29 Caravan
64:49 Supremacy
64:50 Conscription
bluemaster
9:25 Loom
11:11 Feudal Age
12:17 Double-Bit Axe
15:38 Horse Collar
19:34 Castle Age
17:54 Fishing Lines
19:12 Fletching
20:28 Padded Archer Armor
21:31 Scale Barding Armor
21:12 Elite Skirmisher
24:03 Leather Archer Armor
25:29 Bow Saw
26:05 Gold Mining
26:54 Medium Warships
27:35 Wheelbarrow
28:46 Heavy Plow
29:27 Stone Mining
30:29 Pikeman
32:37 Squires
37:56 Imperial Age
36:08 Hand Cart
37:58 Bodkin Arrow
39:06 Gold Shaft Mining
38:38 Husbandry
39:34 Chain Barding Armor
40:16 Chemistry
39:38 Ballistics
39:48 Conscription
41:02 Plate Barding Armor
41:00 Ring Archer Armor
41:14 Bracer
44:52 Elite Cataphract
46:07 Forging
45:59 Scale Mail Armor
45:24 Light Cavalry
48:11 Iron Casting
47:52 Chain Mail Armor
48:29 Crop Rotation
48:21 Logistica
50:26 Treadmill Crane
51:16 Heavy Camel Rider
55:05 Heavy Warships
55:59 Plate Mail Armor
56:09 Greek Fire
59:41 Hussar
61:07 Halberdier
64:11 Two-Man Saw
65:23 Arrowslits
65:52 Careening
68:06 Murder Holes
Connection lost

Rejoining the realm…

Still unreachable

The connection could not be restored.

Session expired

The server has moved on; the page needs a fresh start.